 Dungeon Crawl Stone Soup version 0.29.1-12-g30fa7ad0bf (webtiles) character file.

Game seed: 11243571136904193656

142 ThatPearl the Insei (level 4, -2/37 HPs)
             Began as a Demigod Transmuter on Jan 8, 2023.
             Slain by an ice beast (13 damage)
             ... on level 4 of the Dungeon.
             The game lasted 00:06:51 (4405 turns).

ThatPearl the Insei (Demigod Transmuter)            Turns: 4405, Time: 00:06:52

Health: -2/37      AC:  3    Str: 11    XL:     4   Next: 74%
Magic:  8/9        EV: 12    Int: 19    God:
Gold:   265        SH:  0    Dex: 14    Spells: 3/6 levels left

rFire   . . .      SeeInvis .     - Unarmed
rCold   . . .      Faith    .   (no shield)
rNeg    . . .      Spirit   .   a - +0 robe
rPois   .          Reflect  .   (helmet currently unavailable)
rElec   .          Harm     .   t - +0 cloak
rCorr   .          Rampage  .   (no gloves)
Will    .....                   (boots currently unavailable)
Stlth   +.........              (no amulet)
HPRegen 0.12/turn               (no ring)
MPRegen 0.11/turn               (no ring)

@: appendages
A: horns 2, talons 2, high MP 1, forlorn, divine attributes
a: End Transformation


You were on level 4 of the Dungeon.
You had temporarily grown beastly horns and talons.
You visited 1 branch of the dungeon, and saw 4 of its levels.

You collected 265 gold pieces.

Inventory:

Hand Weapons
 e - a +0 sling
 i - a +0 vampiric dagger
 u - a +2 short sword of distortion
Missiles
 m - 40 stones
Armour
 a - a +0 robe (worn)
 g - a +0 leather armour
 t - a +0 cloak (worn)
Magical Staves
 k - a staff of conjuration
Scrolls
 d - 2 scrolls of enchant armour {unknown}
 h - 9 scrolls of identify {unknown}
 j - a scroll of enchant weapon {unknown}
 l - 4 scrolls of teleportation {unknown}
 n - a scroll of torment {unknown}
 o - a scroll of summoning {unknown}
Potions
 b - 2 potions of lignification
 c - 2 potions of berserk rage {unknown}
 f - a potion of attraction {unknown}
 p - a potion of haste {unknown}
 q - a potion of resistance {unknown}
 r - 2 potions of curing {unknown}
 s - a potion of heal wounds {unknown}


   Skills:
 + Level 2.4 Fighting
 - Level 1.7 Dodging
 + Level 3.7 Unarmed Combat
 - Level 1.7 Spellcasting
 + Level 3.1 Transmutations


You had 3 spell levels left.
You knew the following spells:

 Your Spells              Type           Power      Damage    Failure   Level
a - Beastly Appendage     Tmut           26%        N/A       4%          1
b - Wereblood             Tmut           13%        N/A       7%          2

Your spell library contained the following spells:

 Spells                   Type           Power      Damage    Failure   Level
 Spider Form              Tmut/Pois      7%         N/A       26%         3
 Ice Form                 Ice/Tmut       7%         N/A       65%         4


Dungeon Overview and Level Annotations

Branches:
Dungeon (4/15)
 Temple: D:4-7


Innate Abilities, Weirdness & Mutations

You have temporarily grown beastly horns and talons.
You have an increased reservoir of magic. (+10% MP)
You shall have no god before yourself.
Your divine heritage dramatically boosts your attributes as you level up.


Message History

Your horns disappear.
Your talons disappear.
HP restored.
An ice beast and a goblin come into view.
Found a scroll labelled QIONUG MOKI.
The goblin shouts!
Casting: Beastly Appendage (safe; 4% risk of failure)
Confirm with . or Enter, or press ? or * to list all spells.
You grow a pair of large bovine horns.
Your feet morph into talons.
An orc wizard comes into view. It is wielding a +0 dagger.
The ice beast barely misses you.
The orc wizard shouts!
You punch the ice beast! You claw the ice beast.
The ice beast is heavily wounded.
You hear a bark!
The ice beast hits you but does no damage.
You hit the ice beast. Your kick misses the ice beast.
The ice beast is heavily wounded.
The orc wizard mumbles some strange words.
The orc wizard flickers and vanishes!
Deactivating autopickup; reactivate with Ctrl-A.
The ice beast hits you. The ice beast freezes you!
You hit the ice beast but do no damage. You claw the ice beast.
The ice beast is heavily wounded.
The ice beast hits you but does no damage.
You barely miss the ice beast.
You claw the ice beast, but do no damage.
The ice beast is heavily wounded.
The ice beast hits you but does no damage.
You closely miss the ice beast. Your kick misses the ice beast.
The ice beast is heavily wounded.
The ice beast hits you. The ice beast freezes you!
You hit the ice beast.
The ice beast is severely wounded.
The goblin hits you but does no damage. The ice beast barely misses you.
You closely miss the ice beast. Your headbutt misses the ice beast.
The ice beast is severely wounded.
The ice beast hits you.
* * * LOW HITPOINT WARNING * * *
The ice beast freezes you!
You die...

#.# .. .# #.# ..# ..# ..
# (. .# # .#####.##.# #
...?..Yg..# #
#######@.######. #
................########
########.########.......
#......................
#.######..######.######
#######......#.# #
#..............# #
#.######.......## #
#...........#####


You could see an ice beast and a goblin.

Vanquished Creatures
  A hound (D:4)
  4 adders
  2 worms (D:2)
  4 orcs (D:3)
  7 ball pythons
  3 bats
  7 endoplasms
  3 giant cockroaches
  4 hobgoblins (D:1)
  6 quokkas
  5 frilled lizards
  6 goblins
  6 kobolds
  5 rats
63 creatures vanquished.

Vanquished Creatures (others)
  6 toadstools (D:3)
6 creatures vanquished.

Grand Total: 69 creatures vanquished

Notes
Turn   | Place    | Note
-------+----------+-------------------------------------------
     0 | D:1      | ThatPearl the Demigod Transmuter began the quest for the
                  | Orb.
     0 | D:1      | Reached XP level 1. HP: 15/15 MP: 5/5
    76 | D:1      | Reached skill level 1 in Fighting
   379 | D:1      | Reached XP level 2. HP: 17/23 MP: 7/7
   713 | D:1      | Learned a level 2 spell: Wereblood
  2228 | D:2      | Reached XP level 3. HP: 11/29 MP: 6/8
  3335 | D:3      | Reached XP level 4. HP: 36/36 MP: 9/9
  4397 | D:4      | Noticed an ice beast
  4405 | D:4      | Slain by an ice beast

Illustrated notes

Levels and vault maps discovered:
D:1:      scummos_arrival_checkerplants, layout_basic, hex_large
D:2:      layout_basic, shapermc_ecumenical_altar_acropolis
D:3:      wad_river_or_something, layout_rooms, minmay_gold_behind_fungi
D:4:      layout_basic

Skill      XL: |  1  2  3  4 |
---------------+-------------+-----
Fighting       | 1 2 |  2.4
Transmutations | 2 3 |  3.1
Unarmed Combat | 3 |  3.7
Dodging        | |  1.7
Spellcasting   | |  1.7

Action                   |  1- 3 |  4- 6 || total
-------------------------+-------+-------++-------
Melee: Unarmed           |   122 |    63 ||   185
       Kick              |    23 |    19 ||    42
       Headbutt          |    10 |     8 ||    18
       Punch             |     4 |       ||     4
 Cast: Beastly Appendage |    20 |    10 ||    30
       Wereblood         |     1 |       ||     1
 Stab: Sleeping          |     1 |     1 ||     2
Armor: Robe              |    16 |    13 ||    29
Dodge: Dodged            |    64 |    34 ||    98
